 Dungeon Crawl Stone Soup version 0.30-a0-4-ga7cffc901d (webtiles) character file.

Game seed: 9885059444798461756

3436 drpainis the Ogre Mage (level 10, -11/80 HPs)
             Began as an Ogre Summoner on Aug 20, 2022.
             Was a Believer of Hepliaklqana.
             Mangled by a white ugly thing (24 damage)
             ... on level 7 of the Dungeon.
             The game lasted 00:21:50 (21408 turns).

drpainis the Ogre Mage (Ogre Summoner)             Turns: 21408, Time: 00:21:51

Health: -11/80     AC:  4    Str: 14    XL:     10   Next: 5%
Magic:  0/23       EV: 10    Int: 20    God:    Hepliaklqana [**....]
Gold:   396        SH:  0    Dex: 12    Spells: 18/27 levels left

rFire   . . .      SeeInvis .    l - +3 quarterstaff (chaos)
rCold   . . .      Faith    .    (shield currently unavailable)
rNeg    + . .      Spirit   +    a - +0 robe
rPois   +          Reflect  .    n - +0 hat of the Morning Star {rElec rPois Dex-3 Slay+6}
rElec   +          Harm     .    m - +0 cloak
rCorr   .          Rampage  .    (gloves unavailable)
Will    +....                    (boots unavailable)
Stlth   ++........               A - amulet of guardian spirit
HPRegen 0.23/turn                y - ring of positive energy
MPRegen 0.18/turn                z - +6 ring of dexterity

@: no status effects
A: reduced essence, large, unfitting armour, tough skin 1
a: Renounce Religion, Ancestor Life: Knight, Ancestor Life: Battlemage, Ancestor
Life: Hexer, Recall Ancestor, Ancestor Identity


You were on level 7 of the Dungeon.
You worshipped Hepliaklqana.
Hepliaklqana was pleased with you.
You visited 1 branch of the dungeon, and saw 7 of its levels.

You collected 396 gold pieces.

Inventory:

Hand Weapons
 l - a +3 quarterstaff of chaos (weapon)
 G - a +2 short sword of freezing
Missiles
 E - 2 throwing nets
Armour
 a - a +0 robe (worn)
 m - a +0 cloak (worn)
 n - the +0 hat of the Morning Star (worn) {rElec rPois Dex-3 Slay+6}
   (You found it on level 3 of the Dungeon)

   Dex:       It affects your dexterity (-3).
   Slay:      It affects your accuracy & damage with ranged weapons and melee
   (+6).
   rElec:     It insulates you from electricity.
   rPois:     It protects you from poison.
 o - a +0 pair of boots
Magical Staves
 B - a staff of cold
Jewellery
 y - a ring of positive energy (left hand)
 z - a +6 ring of dexterity (right hand)
 A - an amulet of guardian spirit (around neck)
 C - a ring of positive energy
Wands
 x - a wand of flame (8)
 F - a wand of digging (7)
 H - a wand of acid (1)
Scrolls
 d - 2 scrolls of torment {unknown}
 e - 2 scrolls of vulnerability
 h - 2 scrolls of summoning
 i - 2 scrolls of enchant weapon {unknown}
 j - 4 scrolls of identify
 k - 2 scrolls of immolation {unknown}
 q - 7 scrolls of teleportation
 r - a scroll of fear {unknown}
 t - a scroll of noise {unknown}
 u - a scroll of magic mapping {unknown}
Potions
 b - a potion of magic
 c - 2 potions of degeneration
 f - 2 potions of ambrosia
 g - 5 potions of curing
 p - 4 potions of haste
 s - 2 potions of heal wounds
 v - 2 potions of brilliance
 w - a potion of lignification {unknown}
 D - 2 potions of might {unknown}
 I - a potion of flight {unknown}
 J - a potion of mutation {unknown}


   Skills:
 + Level 2.8 Fighting
 + Level 3.1 Staves
 + Level 3.3 Dodging
 + Level 3.7 Stealth
 + Level 0.4 Unarmed Combat
 + Level 9.4 Spellcasting
 + Level 2.8 Hexes
 + Level 8.4 Summonings


You had 18 spell levels left.
You knew the following spells:

 Your Spells              Type           Power      Damage    Failure   Level
a - Summon Small Mammal   Summ           100%       N/A       1%          1
b - Call Imp              Summ           43%        N/A       1%          2
c - Call Canine Familiar  Summ           43%        N/A       1%          3
d - Summon Guardian Gole  Hex/Summ       32%        N/A       2%          3

Your spell library contained the following spells:

 Spells                   Type           Power      Damage    Failure   Level
 Tukima's Dance           Hex            20%        N/A       7%          3
 Magic Dart               Conj           36%        1d4       8%          1
 Searing Ray              Conj           18%        2d5       11%         2
 Portal Projectile        Hex/Tloc       30%        N/A       12%         3
 Summon Lightning Spire   Summ/Air       26%        N/A       13%         4
 Fulminant Prism          Conj/Hex       7%         3d7       38%         4
 Corpse Rot               Necr/Pois/Air  9%         N/A       58%         4
 Dispel Undead            Necr           9%         3d8       58%         4
 Olgreb's Toxic Radiance  Pois           9%         N/A       58%         4
 Blade Hands              Tmut           4%         N/A       90%         5
 Death Channel            Necr           4%         N/A       100%        6
 Ozocubu's Refrigeration  Ice            4%         4d8       100%        7
 Ignition                 Fire           4%         3d4       100%        8


Dungeon Overview and Level Annotations

Branches:
Dungeon (7/15)             Temple (0/1) D:5

Altars:
Cheibriados
Elyvilon
Fedhas
Hepliaklqana
Trog
Uskayaw
Yredelemnul


Innate Abilities, Weirdness & Mutations

Your life essence is reduced to manifest your ancestor. (-10% HP)
You are too large for most types of armour.
You have tough skin. (AC +1)


Message History

The yak gores your guardian golem. Flame seeps out of your guardian golem.
Your guardian golem is engulfed in blazing flames.
Flame seeps out of your guardian golem.
Casting: Summon Guardian Golem (mildly dangerous; 2% risk of failure)
Confirm with . or Enter, or press ? or * to list all spells.
Your guardian golem is engulfed in blazing flames.
Flame seeps out of your guardian golem.
Unknown command.
You swap places.
The yak gores your guardian golem but does no damage.
You hear an explosion!
You feel a bit more experienced.
You start resting.
Magic restored.
You start waiting.
Chad Warden emerges from the mists of memory!
You start waiting.
Done waiting.
You swap places.
You start waiting.
Your wolf scratches at a flea.
Your wolf disappears in a puff of smoke!
Done waiting.
A white ugly thing comes into view.
Found a short sword.
You swap places.
Chad Warden barely misses the white ugly thing.
Chad Warden hits the white ugly thing.
The white ugly thing punches you but does no damage.
The white ugly thing attacks as you move away!
The white ugly thing punches you! The white ugly thing freezes you!!
The white ugly thing punches you! The white ugly thing freezes you!!
* * * LOW HITPOINT WARNING * * *
Chad Warden closely misses the white ugly thing.
Casting: Call Canine Familiar (safe; 1% risk of failure)
Confirm with . or Enter, or press ? or * to list all spells.
The white ugly thing punches you!
* * * LOW HITPOINT WARNING * * *
The white ugly thing freezes you!!
You die...

....... ....... ..
######## ....
#######################
....
.#...#.......#......).#
....
.#.###R#.#####.#.######
....
.#.....#.......#......#
##.###########R######.#
.#.#.Y.#[#.....u.# #
##.#.#9#.#.#####@#!(#
.#.#°#.#.# #...r.#?!+
.#.#Y#h#.###.#.######
.#.#.#.#.....#.#
##.#(#.#.###.#.#
...#.#...#...#.#
##############.# #.#
#..


You could see the friendly Chad Warden the ancestor, a white ugly thing (ally
target) and a friendly quokka (summoned).

Vanquished Creatures
  3 black bears (D:4)
  A lemure (D:4)
  A bullfrog (D:6)
  A scorpion (D:4)
  A necrophage (D:6)
  A scorpion zombie (D:4)
  An iguana (D:4)
  2 adders
  A worm (D:4)
  3 bats
  3 endoplasms
  A giant cockroach (D:3)
  2 goblins
  5 jackals
  A quokka (D:1)
  2 ball pythons
  3 kobolds (D:1)
  2 rats
34 creatures vanquished.

Vanquished Creatures (collateral kills)
  Grinder (D:5)
  Eustachio (D:4)
  Menkaure (D:6)
  Duvessa (D:7)
  4 ogres
  4 phantoms
  A nameless horror (D:4)
  4 scorpions
  Dowan (D:7)
  A howler monkey (D:7)
  A jelly (D:6)
  A hound (D:4)
  Crazy Yiuf (D:2)
  2 orc priests
  Natasha (thrice) (D:2)
  Ijyb (D:4)
  3 orc wizards
  4 iguanas
  A hound zombie (D:4)
  Robin (D:2)
  3 adders
  A shadow imp (D:6)
  A white imp (D:7)
  An ufetubus (D:7)
  A worm (D:2)
  3 dart slugs
  21 orcs
  4 endoplasms
  3 giant cockroaches
  12 goblins
  2 hobgoblins (D:2)
  7 jackals
  5 quokkas
  10 ball pythons
  4 bats
  6 frilled lizards
  5 kobolds
  3 rats
129 creatures vanquished.

Vanquished Creatures (others)
  Pikel (D:4)
  A yak (D:7)
  A steam dragon (D:7)
  A centaur (D:6)
  2 lemures (D:4)
  An orc priest (D:7)
  3 ancestors
  2 orcs (D:7)
12 creatures vanquished.

Grand Total: 175 creatures vanquished

Notes
Turn   | Place    | Note
-------+----------+-------------------------------------------
     0 | D:1      | drpainis the Ogre Summoner began the quest for the Orb.
     0 | D:1      | Reached XP level 1. HP: 16/16 MP: 3/3
   510 | D:1      | Reached XP level 2. HP: 24/24 MP: 5/5
  1273 | D:1      | Learned a level 2 spell: Call Imp
  1391 | D:1      | Reached XP level 3. HP: 17/32 MP: 1/7
  2720 | D:1      | Learned a level 3 spell: Call Canine Familiar
  3137 | D:2      | Reached skill level 3 in Spellcasting
  3360 | D:2      | Noticed Robin
  3386 | D:2      | Killed Robin
  3387 | D:2      | Reached XP level 4. HP: 8/40 MP: 3/8
  4847 | D:2      | Noticed Natasha
  4851 | D:2      | Killed Natasha
  4852 | D:2      | Reached XP level 5. HP: 39/46 MP: 7/10
  4856 | D:2      | Learned a level 3 spell: Summon Guardian Golem
  5142 | D:2      | Found a runed translucent door.
  5143 | D:2      | Noticed Crazy Yiuf
  5257 | D:2      | Noticed Natasha
  5269 | D:2      | Killed Natasha
  5270 | D:2      | Reached skill level 1 in Fighting
  5442 | D:2      | Noticed Natasha
  5457 | D:2      | Killed Natasha
  5458 | D:2      | Reached skill level 4 in Spellcasting
  6414 | D:2      | Killed Crazy Yiuf
  6415 | D:2      | Reached skill level 5 in Summonings
  6748 | D:3      | Reached XP level 6. HP: 55/55 MP: 3/12
  7313 | D:3      | Identified the +0 hat of the Morning Star {rElec rPois
                  | Dex-3 Slay+6}
  7820 | D:3      | Found a hazy altar of Hepliaklqana.
  7827 | D:3      | Became a worshipper of Hepliaklqana the Forgotten
  8837 | D:3      | Found a blossoming altar of Fedhas.
  9505 | D:4      | Noticed a black bear
  9507 | D:4      | Noticed a nameless horror
  9507 | D:4      | Noticed a black bear
  9986 | D:4      | Identified the +1 leather armour of Honour {Will+}
 10196 | D:4      | Reached * piety under Hepliaklqana
 10986 | D:4      | Killed a black bear
 10987 | D:4      | Reached XP level 7. HP: 62/62 MP: 3/14
 11135 | D:4      | Killed a nameless horror
 11245 | D:4      | Reached skill level 5 in Spellcasting
 12147 | D:4      | Reached skill level 1 in Staves
 12359 | D:4      | Noticed Eustachio
 12456 | D:4      | Killed Eustachio
 12457 | D:4      | Reached XP level 8. HP: 35/72 MP: 4/16
 12991 | D:4      | Found a bloodstained altar of Trog.
 13704 | D:4      | Found a basalt altar of Yredelemnul.
 13836 | D:4      | Noticed Pikel
 13844 | D:4      | Killed Pikel
 13845 | D:4      | Reached skill level 6 in Spellcasting
 13845 | D:4      | Reached skill level 1 in Hexes
 14357 | D:4      | Noticed Ijyb
 14376 | D:4      | Killed Ijyb
 14739 | D:5      | Entered Level 5 of the Dungeon
 14739 | D:5      | Found a hide-covered altar of Uskayaw.
 14821 | D:5      | Noticed Grinder
 14839 | D:5      | Killed Grinder
 14840 | D:5      | Reached skill level 7 in Spellcasting
 14840 | D:5      | Reached XP level 9. HP: 68/72 MP: 11/19
 16511 | D:5      | Found a staircase to the Ecumenical Temple.
 17666 | D:6      | Found a white marble altar of Elyvilon.
 17931 | D:6      | Reached skill level 8 in Spellcasting
 18728 | D:6      | Noticed Menkaure
 18741 | D:6      | Killed Menkaure
 19757 | D:7      | Noticed Duvessa
 19762 | D:7      | Noticed Dowan
 19769 | D:7      | Killed Dowan
 19783 | D:7      | Killed Duvessa
 19784 | D:7      | Reached skill level 9 in Spellcasting
 19798 | D:7      | Reached ** piety under Hepliaklqana
 20065 | D:7      | Reached XP level 10. HP: 45/80 MP: 5/23
 20728 | D:7      | Found a snail-covered altar of Cheibriados.
 21397 | D:7      | Noticed a white ugly thing
 21408 | D:7      | Mangled by a white ugly thing

Illustrated notes

Levels and vault maps discovered:
D:1:      matt_arrival_grand_opening, layout_basic
D:2:      layout_loops_corners, uniq_natasha, uniq_crazy_yiuf_cottage,
          uniq_robin
D:3:      layout_loops_corners, general_overflow_altar,
          mainiacjoe_overflow_alcove_1, hangedman_glass_teeth
D:4:      layout_gridville, trog_ov_bears_minmay,
          lemuel_zombie_altar_yredelemnul, minmay_misc_feat_encased,
          minmay_starry_boxes, uniq_pikel, uniq_ijyb, uniq_eustachio
D:5:      layout_cave_pools, mainiacjoe_overflow_boulevard,
          minmay_temple_entry_proselytizer, serial_column_ruins,
          column_ruins_hut, column_ruins_hut, column_ruins_columns_straight,
          column_ruins_open_tiny, column_ruins_columns_straight,
          column_ruins_open_tiny, column_ruins_open_medium, uniq_grinder
D:6:      layout_loops_corners, nicolae_elyvilon_peaceful_grove,
          kennysheep_small_circle, uniq_menkaure
D:7:      layout_cave_pools, kennysheep_slug_shrine, wad_mini_maze, uniq_duvessa

Skill      XL: |  1  2  3  4  5  6  7  8  9 |
---------------+----------------------------+-----
Dodging        | 2 3 |  3.3
Summonings     | 4 5 6 7 8 |  8.4
Spellcasting   | 3 4 5 7 9 |  9.4
Fighting       | 1 2 |  2.8
Stealth        | 2 3 |  3.7
Staves         | 1 3 |  3.1
Hexes          | 1 2 |  2.8
Unarmed Combat | |  0.4

Action                   |  1- 3 |  4- 6 |  7- 9 | 10-12 || total
-------------------------+-------+-------+-------+-------++-------
Melee: Unarmed           |   110 |    34 |       |       ||   144
       Punch             |       |     1 |       |       ||     1
       Quarterstaff      |       |     6 |    47 |       ||    53
 Cast: Summon Small Mamm |    42 |    42 |    52 |     4 ||   140
       Call Imp          |     8 |    10 |    11 |     1 ||    30
       Call Canine Famil |     3 |    28 |    36 |     2 ||    69
       Summon Guardian G |       |     8 |    34 |     2 ||    44
Invok: Ancestor Identity |       |     1 |       |       ||     1
  Use: Potion            |     1 |       |     1 |     1 ||     3
       Scroll            |       |       |     8 |       ||     8
 Stab: Distracted        |     2 |       |     1 |       ||     3
       Sleeping          |       |     1 |     1 |       ||     2
Armor: Robe              |    72 |    15 |    24 |     1 ||   112
Dodge: Dodged            |    99 |    52 |    54 |     1 ||   206

Table legend: (Time is in decaauts)
 A = Elapsed time spent in this place.
 B = Non-inter-level travel time spent in this place.
 C = Inter-level travel time spent in this place.
 D = Time resting spent in this place.
 E = Time spent auto-exploring this place.
 F = Levels seen in this place.
 G = Mean time per level.
                   A        B        C        D        E       F      G
               +--------+--------+--------+--------+--------+-----+--------+
         Total |  21433 |  21010 |    423 |  14602 |   3976 |   7 | 3061.9 |
       Dungeon |  21433 |  21010 |    423 |  14602 |   3976 |   7 | 3061.9 |
               +--------+--------+--------+--------+--------+-----+--------+

Top non-repeatable levels by time:
     D:4: 4499 daAuts
     D:2: 3608 daAuts
     D:3: 3579 daAuts
     D:1: 3071 daAuts
     D:6: 2430 daAuts
     D:5: 2329 daAuts
     D:7: 1916 daAuts
